Map: Overgrowth LE (Void)

Players

moraisai

  • Race: Terran Terran
  • League: Diamond
  • Spawn Location: 1:00

Musumeci - Winner!

  • Race: Zerg Zerg
  • League: Diamond
  • Spawn Location: 7:00

VOD

Have the link to the VOD?

Description

Time

  • Played on: Jan. 7, 2017, 7:55 a.m.
  • Length: 16:58
Show
View Real Time Build Order
Export as new Build Order

moraisai Terran 

Build Orders: Reaper Expand, Bio Tank 

Get SALT Encoding   

  12  0:05  SCV  
  13  0:17  SCV  
  14  0:22  Supply Depot  
  14  0:29  SCV  
  15  0:43  SCV  
  15  0:44  Barracks  
  15  0:48  Refinery  
  16  0:55  SCV  
  17  1:07  SCV  
  18  1:19  SCV  
  19  1:32  Reaper  
  20  1:33  Orbital Command  
  20  1:44  Command Center  
  20  1:58  Barracks  
  20  1:59  SCV  
  21  2:07  Supply Depot  
  21  2:11  SCV  
  21  2:13  Barracks Reactor  
  22  2:25  SCV  
  23  2:30  Refinery  
  23  2:37  Factory  
  23  2:40  SCV  
  24  2:49  Barracks Tech Lab  
  24  2:50  Marine x2  
  26  2:52  SCV  
  27  3:04  SCV  
  27  3:16  SCV  
  27  3:17  Stimpack  
  28  3:20  Orbital Command  
  28  3:25  Marine x2  
  30  3:27  Starport  
  30  3:28  SCV  
  31  3:35  Factory Reactor  
  31  3:37  Marine  
  31  3:41  SCV  
  33  3:43  Marine  
  33  3:45  Supply Depot  
  34  3:53  SCV  
  34  3:54  SCV  
  35  3:59  Marine x2  
  35  4:01  Supply Depot  
  37  4:02  Marine  
  37  4:05  SCV  
  37  4:06  SCV  
  40  4:11  Supply Depot  
  40  4:17  SCV, Marine  
  40  4:18  SCV  
  40  4:22  Medivac x2  
  40  4:23  Factory Tech Lab  
  47  4:28  Marine, Supply Depot  
  47  4:29  SCV, Marine  
  47  4:31  SCV  
  51  4:35  Marine  
  52  4:41  SCV  
  52  4:43  SCV  
  54  4:45  Siege Tank  
  54  4:46  Marine  
  54  4:47  Marine  
  54  4:50  Supply Depot  
  59  4:53  SCV, Marine  
  59  4:55  SCV  
  62  5:03  Marine  
  62  5:05  SCV, Marine  
  65  5:07  SCV  
  65  5:10  Marine  
  65  5:14  Engineering Bay x2  
  67  5:17  SCV, Combat Shields  
  67  5:18  Refinery  
  67  5:19  SCV  
  67  5:20  Refinery  
  69  5:21  Marine  
  69  5:22  Marine  
  69  5:24  Supply Depot  
  69  5:25  Siege Tank  
  74  5:28  Marine  
  74  5:29  SCV  
  74  5:34  SCV  
  77  5:39  Marine  
  77  5:40  Marine  
  77  5:42  SCV  
  80  5:45  Terran Infantry Weapons Level 1  
  80  5:46  SCV, Marine  
  82  5:54  SCV  
  83  5:58  Siege Tank  
  83  6:11  Marine x3  
  83  6:14  Barracks  
  83  6:16  Barracks  
  86  6:22  Barracks  
  86  6:23  Barracks  
  84  6:29  Marine x3  
  84  6:30  Siege Tank  
  90  6:37  Medivac, Command Center  
  92  6:43  SCV x2  
  89  6:47  Marine x3  
  89  6:53  Terran Infantry Armor Level 1  
  92  6:55  SCV  
  92  6:56  SCV  
  92  6:59  Missile Turret  
  94  7:01  Missile Turret  
  94  7:02  Armory  
  94  7:03  Barracks Tech Lab x2  
  94  7:09  Supply Depot  
  94  7:22  Supply Depot  
  94  7:24  Supply Depot  
  94  7:25  Barracks Reactor, Concussive Shells, Barracks Tech Lab  
  94  7:31  Marauder, Marine x3, Siege Tank  
  94  7:33  Supply Depot  
  102  7:39  Supply Depot  
  102  7:43  Marine  
  102  7:44  SCV x2  
  105  7:49  Marauder, Marine  
  105  7:50  Command Center  
  107  7:56  SCV x2  
  109  8:08  SCV  
  109  8:09  Marauder x2, Marine x2  
  110  8:20  Terran Infantry Weapons Level 2  
  110  8:22  Marauder x2, Marine  
  110  8:23  Medivac, Siege Tank  
  120  8:45  Missile Turret  
  120  8:47  Sensor Tower  
  120  8:48  Marine  
  120  8:49  Marauder  
  120  8:55  Siege Tank  
  126  8:57  Refinery, Sensor Tower  
  126  8:58  Refinery  
  126  9:00  Marauder, Marine  
  129  9:12  Orbital Command, Liberator  
  129  9:18  SCV  
  129  9:19  SCV  
  131  9:24  Terran Infantry Armor Level 2  
  131  9:26  Missile Turret  
  131  9:27  Siege Tank  
  137  9:33  Marine x2  
  139  9:43  Medivac  
  141  9:45  Terran Vehicle Weapons Level 1  
  141  9:55  Marine  
  141  9:56  Marauder  
  141  9:59  Refinery  
  144  10:01  Refinery  
  144  10:02  Sensor Tower  
  144  10:05  Starport  
  144  10:10  Starport  
  144  10:12  Medivac, Supply Depot  
  144  10:13  Planetary Fortress  
  146  10:15  SCV x2  
  146  10:16  SCV  
  149  10:22  Marine  
  149  10:23  Marauder  
  149  10:27  Supply Depot  
  151  10:49  Sensor Tower  
  151  10:56  Starport Tech Lab, Starport Reactor  
  151  10:59  Terran Infantry Weapons Level 3  
  151  11:00  SCV x3, Fusion Core  
  151  11:01  SCV  
  155  11:08  Supply Depot  
  155  11:12  SCV x2  
  156  11:24  Liberator x3  
  156  11:25  SCV x3, Missile Turret  
  145  11:47  Marine x3  
  145  11:48  Marauder x3, Marine  
  147  11:58  Marine  
  104  12:05  SCV, Marine x3  
  104  12:06  SCV  
  102  12:09  Marauder, Liberator  
  100  12:16  Terran Infantry Armor Level 3  
  103  12:32  SCV  
  103  12:33  SCV x3  
  107  12:41  Refinery  
  107  12:44  SCV  
  107  12:45  SCV x3  
  97  12:59  Marine x3  
  97  13:00  Marauder x3  
  105  13:07  Liberator x4  
  103  13:34  Supply Depot  
  103  13:52  Sensor Tower  
  92  13:57  Marine x2  
  92  13:58  Marauder x2  
  92  14:02  Marine  
  98  14:03  Marauder  
  101  14:10  Marauder, Marine  
  101  14:15  Marine  
  101  14:16  Advanced Ballistics  
  105  14:18  Marine  
  105  14:19  Marauder  
  105  14:20  SCV x2  
  110  14:35  Missile Turret  
  108  14:48  Marauder, Missile Turret, Marine x4  
  108  14:49  Marauder x3  
  108  14:52  Liberator x2  
  117  15:03  SCV x3  
  117  15:06  Marine x2  
  120  15:13  Liberator x2, Medivac  
  126  15:26  Liberator  
  126  15:32  Marine x2  
  126  15:33  Marine  
  135  15:47  SCV x3  
  138  15:59  SCV x3  
  138  16:02  Orbital Command  
  137  16:11  Marine x2  
  137  16:12  Marauder x2  
  137  16:15  Marauder x2, Marine x2  
Show
View Real Time Build Order
Export as new Build Order

Musumeci Zerg - Winner!

Build Orders: Hatch First 

Get SALT Encoding   

  12  0:01  Drone  
  13  0:08  Drone  
  14  0:24  Drone, Extractor  
  15  0:46  Hatchery  
  15  0:49  Drone, Extractor  
  15  1:03  Spawning Pool  
  14  1:05  Drone, Extractor  
  14  1:11  Extractor  
  14  1:16  Drone  
  14  1:18  Overlord  
  16  1:36  Drone x2  
  16  1:39  Drone  
  19  1:49  Queen  
  19  1:52  Drone  
  22  1:58  Queen  
  22  1:59  Drone  
  22  2:00  Drone  
  26  2:08  Overlord  
  26  2:16  Drone  
  26  2:19  Drone  
  28  2:26  Queen  
  30  2:30  Drone  
  30  2:34  Queen  
  33  2:46  Extractor  
  33  2:50  Drone x4  
  36  2:52  Overlord  
  36  3:15  Drone x6  
  42  3:23  Drone  
  42  3:24  Drone  
  44  3:27  Overlord  
  44  3:29  Overlord  
  44  3:55  Extractor  
  44  3:57  Extractor  
  44  3:58  Drone x9  
  44  3:59  Roach Warren  
  50  4:15  Hatchery  
  49  4:18  Evolution Chamber  
  49  4:20  Evolution Chamber  
  49  4:23  Overlord  
  47  4:33  Drone x2  
  55  4:38  Roach x4  
  57  4:49  Roach x2  
  57  4:50  Drone x4  
  57  4:52  Extractor  
  64  4:53  Extractor  
  63  5:00  Spore Crawler x2  
  63  5:02  Spore Crawler  
  63  5:04  Spore Crawler  
  60  5:07  Drone x3  
  60  5:12  Drone x6  
  68  5:20  Lair  
  68  5:38  Zerg Missile Weapons Level 1  
  68  5:40  Roach x3  
  68  5:42  Overlord x4  
  72  6:01  Roach x9, Extractor  
  81  6:05  Extractor  
  81  6:08  Queen  
  74  6:20  Roach x3  
  74  6:21  Roach x5  
  74  6:24  Ravager  
  89  6:27  Drone  
  89  6:28  Drone x2  
  92  6:35  Ravager  
  92  6:38  Roach x2  
  95  6:58  Drone x3  
  95  7:01  Overlord x4  
  98  7:06  Extractor  
  98  7:08  Zergling x2  
  98  7:18  Queen  
  98  7:19  Roach x8  
  98  7:22  Drone x4  
  120  7:32  Drone x2  
  120  7:33  Drone  
  120  7:36  Ravager x2  
  125  7:40  Drone  
  125  7:42  Ravager  
  125  7:43  Ravager x3  
  130  8:05  Overlord x5  
  121  8:19  Ravager x5  
  130  8:20  Ravager x4  
  130  8:30  Glial Reconstitution  
  130  8:40  Drone x2  
  132  8:54  Hatchery  
  131  9:02  Overlord  
  131  9:03  Overlord  
  131  9:04  Overlord  
  131  9:07  Overlord  
  131  9:13  Roach x9  
  131  9:14  Roach x2  
  153  9:18  Zerg Missile Weapons Level 2  
  153  9:19  Zerg Ground Armor Level 1  
  153  9:27  Roach x6  
  165  9:33  Ravager x5  
  165  9:34  Roach x3  
  165  9:36  Overlord  
  165  9:37  Overlord  
  178  10:00  Roach x9  
  178  10:04  Burrow, Tunneling Claws  
  194  10:10  Extractor x2  
  192  10:15  Spore Crawler x2  
  192  10:18  Drone x4  
  194  10:27  Spine Crawler  
  193  10:28  Spine Crawler  
  193  10:30  Spine Crawler  
  182  10:49  Overseer  
  183  11:11  Drone x2  
  184  11:33  Roach  
  184  11:34  Roach x2  
  184  11:35  Roach  
  184  11:36  Roach  
  184  11:37  Roach  
  184  11:38  Roach  
  174  11:42  Roach x16  
  131  12:22  Ravager x9  
  141  12:23  Ravager x11  
  141  12:24  Drone x6  
  141  12:29  Roach x2  
  151  12:30  Zerg Ground Armor Level 2  
  151  12:35  Infestation Pit  
  144  13:01  Roach x13  
  144  13:02  Roach  
  131  13:21  Roach x8  
  144  13:34  Hive  
  144  13:35  Ravager x3  
  144  13:36  Ravager x4  
  151  13:44  Roach  
  151  13:45  Roach x2  
  151  13:47  Roach x11  
  161  13:56  Roach x2  
  161  13:59  Roach x4  
  161  14:02  Ravager x8  
  170  14:08  Roach x2  
  170  14:09  Roach  
  170  14:36  Roach x3  
  168  14:50  Roach  
  166  14:56  Roach  
  166  14:58  Roach  
  166  14:59  Roach x16  
  194  15:27  Ravager x8  
  200  15:47  Hatchery  
  199  15:50  Hatchery  
  199  15:52  Roach  
  199  15:53  Roach x2  
  199  15:54  Roach x3  
  199  15:55  Roach  
  191  16:23  Roach  
  191  16:24  Roach  
Tags
 
Add a new tag
Caveats
  • Supply blocks, unpowered buildings, or Contaminate may cause inaccurate times.
  • Supply counts are checked every 10 seconds.